 Dungeon Crawl Stone Soup version 0.20.1-1-g8b1a95d (webtiles) character file.

55 Nattfarinn the Skirmisher (level 3, -1/26 HPs)
             Began as a Gargoyle Berserker on Aug 5, 2017.
             Was a Believer of Trog.
             Slain by a goblin (3 damage)
             ... led by Robin
             ... on level 3 of the Dungeon.
             The game lasted 00:03:05 (1476 turns).

Nattfarinn the Skirmisher (Gargoyle Berserker)      Turns: 1476, Time: 00:03:06

Health: -1/26      AC:  7    Str: 20    XL:     3   Next: 93%
Magic:  3/3        EV: 12    Int:  7    God:    Trog [**....]
Gold:   106        SH:  0    Dex: 10    Spells: 2/2 levels left

rFire    + . .     SeeInvis .   a - +0 mace
rCold    . . .     Gourm    .   (no shield)
rNeg     + . .     Faith    .   b - +0 animal skin
rPois    ∞         Spirit   .   r - +1 helmet
rElec    +         Reflect  .   (no cloak)
rCorr    .         Harm     .   (no gloves)
MR       ++...                  (no boots)
Stlth    +.........             (no amulet)
Regen    1.1/turn               q - ring of protection from fire
MPRegen  0.1/turn               (no ring)

@: berserk cooldown, regenerating, slowed, very slow
A: negative energy resistance 1, electricity resistance, unbreathing,
petrification resistance, rot immunity, AC +3
a: Berserk, Trog's Hand, Burn Spellbooks, Renounce Religion


You were on level 3 of the Dungeon.
You worshipped Trog.
Trog was pleased with you.
You were very hungry.

You visited 1 branch of the dungeon, and saw 3 of its levels.

You collected 106 gold pieces.

Inventory:

Hand Weapons
 a - a +0 mace (weapon)
Armour
 b - a +0 animal skin (worn)
 r - a +1 helmet (worn)
Jewellery
 q - a ring of protection from fire (left hand)
Scrolls
 d - 2 scrolls of identify {unknown}
 f - 2 scrolls of fog {unknown}
 g - a scroll of random uselessness {unknown}
 h - 2 scrolls of remove curse {unknown}
 i - a scroll of amnesia {unknown}
 l - a scroll of teleportation {unknown}
 p - a scroll of blinking {unknown}
Potions
 e - 2 potions of curing {unknown}
 j - a potion of flight {unknown}
 k - a potion of mutation {unknown}
 n - a potion of cancellation {unknown}
 o - a potion of haste {unknown}
 s - a potion of ambrosia {unknown}
 t - a potion of lignification {unknown}
Comestibles
 c - 3 bread rations
 m - a royal jelly


   Skills:
 * Level 5.2 Fighting
 - Level 3.0 Maces & Flails
 - Level 2.1 Armour
 - Level 1.5 Dodging


You had 2 spell levels left.
You didn't know any spells.

Dungeon Overview and Level Annotations

Branches:
Dungeon (3/15)

Altars:

Annotations:
D:3 Robin


Innate Abilities, Weirdness & Mutations

You are resistant to torment.
Your stone body is resilient. (AC +3)
You are immune to poison.
You resist negative energy. (rN+)
You are resistant to electric shocks. (rElec)
You can survive without breathing.
You are immune to petrification.
You are immune to rotting.


Message History

Trog accepts your kill. The bat hits you but does no damage.
The goblin barely misses you. x2
The goblin hits you but does no damage.
You are no longer berserk.
You are exhausted.
You feel yourself slow down. The bat barely misses you.
Things that are here:
a dagger; a goblin corpse You hit Robin.
Robin is lightly wounded.
The goblin no longer looks unusually strong. x2
The bat hits you but does no damage. The hobgoblin barely misses you.
The goblin hits you but does no damage. The goblin closely misses you.
The goblin barely misses you. The hobgoblin hits you.
The goblin hits you with a club. The goblin hits you with a club!
* * * LOW HITPOINT WARNING * * *
Robin hits you with a club.
* * * LOW HITPOINT WARNING * * *
The goblin hits you.
You die...

##.# #.. ####.##
###...##.# ###......
.......#.#######........
#.......##.. .......[..
##......!... ........†.
.#$.....)##(# #.......
#...bgg#g##.# ##......
......g#g##.######......
#$...g@g?..^...........
......g#g..........#.###
##.....####.########.#
###.## #.# #.### #. #.#
#.... # #.. ##### ##. .#


You could see Robin, 3 hobgoblins, 5 goblins and a bat.

Vanquished Creatures
  An adder (D:2)
  A worm (D:2)
  2 dart slugs (D:2)
  An orc (D:3)
  4 goblins
  7 hobgoblins
  A quokka (D:2)
  3 ball pythons
  8 bats
  3 frilled lizards
  4 kobolds
  4 rats
39 creatures vanquished.

Notes
Turn   | Place    | Note
-------+----------+-------------------------------------------
     0 | D:1      | Nattfarinn the Gargoyle Berserker began the quest for the Orb.
     0 | D:1      | Reached XP level 1. HP: 14/14 MP: 1/1
   458 | D:1      | Reached XP level 2. HP: 17/20 MP: 2/2
   502 | D:1      | Reached skill level 4 in Fighting
   819 | D:2      | Reached ** piety under Trog
   860 | D:2      | Reached XP level 3. HP: 24/24 MP: 3/3
  1264 | D:2      | Reached skill level 5 in Fighting
  1456 | D:3      | Noticed Robin
  1476 | D:3      | Slain by a goblin

Skill      XL: |  1  2  3 |
---------------+----------+-----
Fighting       | 4 5 |  5.2
Maces & Flails | |  3.0
Armour         | |  2.1
Dodging        | |  1.5

Action                   || total
-------------------------++-------
Melee: Mace              ||   127
Invok: Berserk           ||     3
       Trog's Hand       ||     1
 Stab: Sleeping          ||     2
  Eat: Chunk             ||     4
Armor: Animal skin       ||    46
Dodge: Dodged            ||   101
